 Dungeon Crawl Stone Soup version 0.21-a0-274-gc1afaeb (webtiles) character file.

66 nikopol the Firebug (level 3, -1/19 HPs)
             Began as a Deep Elf Fire Elementalist on Sept 18, 2017.
             Slain by a bullfrog (6 damage)
             ... on level 3 of the Dungeon.
             The game lasted 00:05:12 (2506 turns).

nikopol the Firebug (Deep Elf Fire Elementalist)    Turns: 2506, Time: 00:05:13

Health: -1/19      AC:  4    Str:  5    XL:     3   Next: 96%
Magic:  6/10       EV: 13    Int: 20    God:
Gold:   143        SH:  0    Dex: 15    Spells: 9/10 levels left

rFire    . . .     SeeInvis .   l - +3 dagger
rCold    . . .     Gourm    .   (no shield)
rNeg     . . .     Faith    .   a - +0 robe
rPois    .         Spirit   .   t - +0 helmet
rElec    .         Reflect  .   (no cloak)
rCorr    .         Harm     .   d - +0 pair of gloves
MR       .....                  (no boots)
Stlth    ++........             (no amulet)
HPRegen  0.06/turn              (no ring)
MPRegen  0.12/turn              (no ring)

@: no status effects
A: no striking features
a: no special abilities


You were on level 3 of the Dungeon.
You were hungry.

You visited 1 branch of the dungeon, and saw 3 of its levels.

You collected 143 gold pieces.

Inventory:

Hand Weapons
 l - a +3 dagger (weapon)
Armour
 a - a +0 robe (worn)
 d - a +0 pair of gloves (worn)
 t - a +0 helmet (worn)
Jewellery
 n - a cursed amulet of inaccuracy {unknown}
Scrolls
 g - a scroll of fear {unknown}
 h - 3 scrolls of remove curse {unknown}
 i - 7 scrolls of identify {unknown}
 k - a scroll of teleportation {unknown}
 o - a scroll of enchant weapon {unknown}
 q - a scroll of blinking {unknown}
Potions
 e - a potion of degeneration {unknown}
 j - a potion of mutation {unknown}
 p - a potion of haste {unknown}
 r - a potion of might {unknown}
 s - a potion of curing {unknown}
Books
 b - a book of Flames

   Spells                             Type                      Level
   a - Flame Tongue                   Conjuration/Fire             1
   b - Throw Flame                    Conjuration/Fire             2
   c - Conjure Flame                  Conjuration/Fire             3
   d - Inner Flame                    Hexes/Fire                   3
   e - Sticky Flame                   Conjuration/Fire             4
   f - Fireball                       Conjuration/Fire             5
Comestibles
 c - a bread ration
 f - a royal jelly
 m - 3 fruits
 u - a meat ration


   Skills:
 + Level 2.7 Dodging
 + Level 2.6 Stealth
 + Level 4.1 Spellcasting
 + Level 1.3 Conjurations
 + Level 4.4 Fire Magic


You had 9 spell levels left.
You knew the following spells:

 Your Spells              Type           Power        Failure   Level  Hunger
a - Flame Tongue          Conj/Fire      ###..        3%          1    None


Dungeon Overview and Level Annotations

Branches:
Dungeon (3/15)

Altars:
Cheibriados
Nemelex Xobeh


Message History

The flame tongue hits the bullfrog.
The bullfrog is heavily wounded.
The bullfrog hits you.
* * * LOW HITPOINT WARNING * * *
The bullfrog closely misses you. The bullfrog barely misses you.
The bullfrog hits you.
* * * LOW HITPOINT WARNING * * *
Casting: Flame Tongue
Confirm with . or Enter, or press ? or * to list all spells.
You don't know that spell.
Casting: Flame Tongue
Confirm with . or Enter, or press ? or * to list all spells.
Aiming: Flame Tongue
Press: ? - help, Shift-Dir - straight line, f/p - bullfrog
Aim: a bullfrog (heavily wounded)
The flame tongue misses the bullfrog.
The flame tongue hits the goblin.
You kill the goblin!
The bullfrog hits you.
You die...

...# #..# #..# #..# ..#
###### #.g###### ###.#
## #....# #g.......
#.... .. #.##.#
#.####### #.#.# #.
#.##.# #.######### #.#.#
#. #.##.#
#..g†.F@..###.#.#######.
#.##.#
#########.#...#.##...##.
#.##.#
#.................
#.##.#
#.#.#.###.##...##.
#.##.# #.#.#.#
#.##...##. #.##.#
#.#.#.# #.##...##.
#.##.# #.#.#.#
#.##...##. #.##.#
#.#.#.###.##...##.
##.##.#####
#.#.#...#.##...##.


You could see a bullfrog and a goblin.

Vanquished Creatures
  An adder (D:2)
  An ooze (D:1)
  3 worms (D:2)
  3 dart slugs (D:2)
  5 goblins
  8 hobgoblins
  2 jackals (D:1)
  7 bats
  3 frilled lizards
  2 kobolds (D:2)
  4 rats
39 creatures vanquished.

Notes
Turn   | Place    | Note
-------+----------+-------------------------------------------
     0 | D:1      | nikopol the Deep Elf Fire Elementalist began the quest for the Orb.
     0 | D:1      | Reached XP level 1. HP: 10/10 MP: 6/6
   201 | D:1      | Reached XP level 2. HP: 12/15 MP: 1/8
  1001 | D:2      | Reached XP level 3. HP: 19/19 MP: 5/10
  2047 | D:3      | Found a sparkling altar of Nemelex Xobeh.
  2056 | D:3      | Found a snail-covered altar of Cheibriados.
  2490 | D:3      | Noticed a bullfrog
  2506 | D:3      | Slain by a bullfrog

Vault maps used:
D:1:      dpeg_arrival_tiny_h
D:3:      nemelex_xobeh_ov_fountains_minmay, cheibriados_altar_1, uniq_natasha,
          uniq_robin

Skill      XL: |  1  2  3 |
---------------+----------+-----
Fire Magic     | 4 |  4.4
Spellcasting   | 4 |  4.1
Dodging        | |  2.7
Stealth        | |  2.6
Conjurations   | |  1.3

Action                   || total
-------------------------++-------
Melee: Unarmed           ||     1
 Cast: Flame Tongue      ||    81
  Eat: Chunk             ||     4
Armor: Robe              ||     5
Dodge: Dodged            ||    24

Table legend:
 A = Spawn XP
 B = Non-spawn XP
 C = Spawn XP percentage of total XP
 D = Spawn monster count
 E = Non-spawn monster count
 F = Spawn count percentage of total count
 G = Total turns spent on level
                    A         B        C        D         E        F      G
               +---------+---------+-------+---------+---------+-------+---------
         Total |       0 |      95 |   0.0 |       0 |      39 |   0.0 |  2506
               +---------+---------+-------+---------+---------+-------+---------
           D:1 |       0 |      32 |   0.0 |       0 |      17 |   0.0 |   966
           D:2 |       0 |      58 |   0.0 |       0 |      19 |   0.0 |  1034
           D:3 |       0 |       5 |   0.0 |       0 |       3 |   0.0 |   506
               +---------+---------+-------+---------+---------+-------+---------
